AoeStats
← eu bata6625

Arabian Desert

509662227Analyzed
1v1 RM · 6d ago on Sep 27, 2026· 45m 30s· 2 players
Game mode
Random Map
Map size
Tiny (2 player)
Population
200
Speed
Normal
Resources
Standard
Victory
Conquest
Starting age
Dark Age
Ending age
Imperial Age
RankedLock teamsTeams togetherTeam positionsShared explorationLock speedFull tech treeHidden civsTurbo modeCheats
Victory
Defeat
🇦🇷 Inca · Argentina
832
+15
🇩🇪 Persians · Germany
805
-15
signoregrigio
10:15 Loom
14:37 Feudal Age
14:38 Man-at-Arms
22:40 Forging
24:53 Castle Age
24:12 Gold Mining
25:20 Bloodlines
eu bata6625
7:29 Loom
11:06 Feudal Age
11:11 Champi Runner
18:10 Forging
18:30 Horse Collar
22:15 Double-Bit Axe
26:41 Castle Age
26:59 Stone Mining
28:18 Champi Warrior
30:48 Squires
31:43 Pikeman
34:01 Town Watch
Connection lost

Rejoining the realm…

Still unreachable

The connection could not be restored.

Session expired

The server has moved on; the page needs a fresh start.